 Dungeon Crawl Stone Soup version 0.22.1-2-g9c5b331383 (webtiles) character file.

143 H0rd4k the Charlatan (level 5, -5/37 HPs)
             Began as a Human Artificer on Dec 11, 2018.
             Slain by an orc
             ... wielding a +0 falchion
              (6 damage)
             ... on level 3 of the Dungeon.
             The game lasted 00:03:35 (2438 turns).

H0rd4k the Charlatan (Human Artificer)              Turns: 2438, Time: 00:03:35

Health: -5/37      AC:  3    Str: 12    XL:     5   Next: 50%
Magic:  7/7        EV: 12    Int: 13    God:
Gold:   78         SH:  0    Dex: 13    Spells: 4/4 levels left

rFire    . . .     SeeInvis .   a - +0 short sword
rCold    . . .     Gourm    .   (no shield)
rNeg     . . .     Faith    .   b - +0 leather armour
rPois    .         Spirit   .   (no helmet)
rElec    .         Reflect  .   (no cloak)
rCorr    .         Harm     .   (no gloves)
MR       .....                  (no boots)
Stlth    +.........             (no amulet)
HPRegen  0.12/turn              (no ring)
MPRegen  0.10/turn              (no ring)

@: no status effects
A: no striking features
a: no special abilities


You were on level 3 of the Dungeon.
You were not hungry.

You visited 1 branch of the dungeon, and saw 3 of its levels.

You collected 78 gold pieces.

Inventory:

Hand Weapons
 a - a +0 short sword (weapon)
 s - a +0 hunting sling
Missiles
 i - 2 throwing nets (quivered)
 n - 15 bolts
 q - 41 arrows
 w - 27 sling bullets
Armour
 b - a +0 leather armour (worn)
 p - a +0 pair of boots
Jewellery
 u - an uncursed amulet of faith {unknown}
 y - an uncursed ring of resist corrosion {unknown}
Wands
 c - a wand of flame (2)
 d - a wand of enslavement (15)
 e - a wand of random effects (15)
Scrolls
 g - a scroll of identify {unknown}
 l - a scroll of teleportation {unknown}
 m - 5 scrolls of remove curse {unknown}
 r - 2 scrolls of enchant armour {unknown}
Potions
 h - 2 potions of degeneration {unknown}
 j - a potion of might {unknown}
 k - a potion of flight {unknown}
 o - 2 potions of curing {unknown}
 t - a potion of berserk rage {unknown}
 v - a potion of agility {unknown}
 x - a potion of brilliance {unknown}
 A - a potion of invisibility {unknown}
Comestibles
 f - 3 rations
 z - a chunk of flesh


   Skills:
 + Level 1.2 Fighting
 + Level 2.9 Short Blades
 + Level 1.8 Armour
 + Level 2.6 Dodging
 + Level 1.3 Stealth
 + Level 3.8 Evocations


You had 4 spell levels left.
You didn't know any spells.
Your spell library was empty.

Dungeon Overview and Level Annotations

Branches:
Dungeon (3/15)

Altars:


Message History

You hit the orc.
You kill the orc!
You closely miss the orc. The orc hits you with a mace.
You hit the orc.
The orc is severely wounded.
The orc hits you with a mace.
You hit the orc.
You kill the orc!
You barely miss the kobold. The kobold barely misses you.
You hit the kobold.
You kill the kobold!
The orc hits you with a falchion.
Items here: ))) ? † a mace; a club x2; a scroll labeled SYNU SECU NOUCO; an orc corpse You completely miss the orc.
The orc hits you with a falchion.
* * * LOW HITPOINT WARNING * * *
You closely miss the orc. The orc hits you with a falchion!
* * * LOW HITPOINT WARNING * * *
You barely miss the orc. The orc hits you with a falchion.
You die...

#### ..# #.# #.#
#.#############
..#####@##..........#### .
.......o.+..........'...
#.###+#######'##..........####
#......#..........#########
#......#..........#
#......(..........#
#......#....(.....# ####
#.....!#.........)# #...
...#...#..........# #.##


You could see an orc.

Vanquished Creatures
  5 adders
  3 oozes (D:1)
  2 worms (D:2)
  3 dart slugs
  2 leopard geckos
  4 orcs (D:3)
  A ball python (D:1)
  3 giant cockroaches
  7 goblins
  5 hobgoblins
  3 jackals (D:2)
  10 bats
  6 frilled lizards
  9 kobolds
  8 rats
71 creatures vanquished.

Notes
Turn   | Place    | Note
-------+----------+-------------------------------------------
     0 | D:1      | H0rd4k the Human Artificer began the quest for the Orb.
     0 | D:1      | Reached XP level 1. HP: 15/15 MP: 3/3
    51 | D:1      | Reached XP level 2. HP: 12/21 MP: 4/4
   350 | D:1      | Reached XP level 3. HP: 18/26 MP: 5/5
  1106 | D:1      | Reached skill level 1 in Armour
  1170 | D:2      | Reached XP level 4. HP: 26/32 MP: 6/6
  1358 | D:2      | Found a faded altar of an unknown god.
  1798 | D:2      | Reached XP level 5. HP: 18/37 MP: 7/7
  2437 | D:3      | HP: 1/37 [orc/falchion (9)]
  2438 | D:3      | Slain by an orc

Skill      XL: |  1  2  3 |
---------------+----------+-----
Armour         | 1 |  1.8
Short Blades   | 2 |  2.9
Fighting       | |  1.2
Dodging        | |  2.6
Stealth        | |  1.3
Evocations     | |  3.8

Action                   |  1- 3 |  4- 6 || total
-------------------------+-------+-------++-------
Melee: Short sword       |   117 |   143 ||   260
Evoke: Wand              |     1 |    12 ||    13
 Stab: Sleeping          |       |     4 ||     4
  Eat: Chunk             |     1 |     4 ||     5
Armor: Leather armour    |    34 |    23 ||    57
Dodge: Dodged            |   100 |    88 ||   188
